 Dungeon Crawl Stone Soup version 0.21-a0 (webtiles) character file.

80661 FastMan the Executioner (level 15, -23/144 HPs)
             Began as a Minotaur Berserker on May 18, 2017.
             Was a High Priest of Trog.
             Killed from afar by Nikola (29 damage)
             ... with a chain lightning
             ... on level 1 of the Swamp.
             The game lasted 00:24:21 (24183 turns).

FastMan the Executioner (Minotaur Berserker)       Turns: 24183, Time: 00:24:22

Health: -23/144    AC: 29    Str: 25    XL:     15   Next: 24%
Magic:  4/4        EV: 14    Int:  7    God:    Trog [*****.]
Gold:   436        SH:  0    Dex: 13    Spells: 14/14 levels left

rFire    . . .     SeeInvis .   a - +5 executioner's axe (antimagic)
rCold    . . .     Gourm    .   (shield currently unavailable)
rNeg     . . .     Faith    .   C - +3 chain mail
rPois    +         Spirit   .   (helmet restricted)
rElec    .         Reflect  .   K - +0 cloak
rCorr    .         Harm     .   j - +0 pair of gloves
MR       +....                  e - +5 pair of boots "Susugich" {rPois Int+3}
Stlth    ..........             M - amulet of regeneration
Regen    0.8/turn               s - +3 ring of slaying
MPRegen  0.1/turn               p - +5 ring of protection

@: about to teleport
A: retaliatory headbutt, horns 2
a: Berserk, Trog's Hand, Brothers in Arms, Burn Spellbooks, Renounce Religion


You were on level 1 of the Swamp.
You worshipped Trog.
Trog was extremely pleased with you.
You were not hungry.

You visited 3 branches of the dungeon, and saw 22 of its levels.
You also visited: Ice Cave.

You collected 1528 gold pieces.
You spent 1092 gold pieces at shops.

Inventory:

Hand Weapons
 a - a +5 antimagic executioner's axe (weapon)
 b - the +7 great mace "Undeadhunter" {disrupt, rN+}
   (You found it on level 12 of the Dungeon)

   It protects you from negative energy.
 z - a +1 battleaxe
Armour
 e - the +5 pair of boots "Susugich" (worn) {rPois Int+3}
   (You found it in an ice cave)

   It affects your intelligence (+3).
   It protects you from poison.
 j - a +0 pair of gloves (worn)
 q - a +2 pair of boots of running
 B - a +0 large shield of cold resistance
 C - a +3 chain mail (worn)
 K - a +0 cloak (worn)
Jewellery
 c - an uncursed ring of protection from cold
 p - a +5 ring of protection (right hand)
 s - a +3 ring of slaying (left hand)
 M - an amulet of regeneration (around neck)
Wands
 G - a wand of digging (17/24)
Scrolls
 i - 3 scrolls of fear
 n - 3 scrolls of teleportation {@r3}
 r - 2 scrolls of immolation
 v - 3 scrolls of identify {@r1}
 A - a scroll of silence
 F - 4 scrolls of magic mapping
 H - 3 scrolls of enchant armour
 I - 4 scrolls of fog
 O - 12 scrolls of remove curse {@r2}
 R - 2 scrolls of recharging
Potions
 d - 2 potions of flight
 f - 2 potions of heal wounds {@q2}
 k - 5 potions of brilliance {@q6}
 l - 5 potions of lignification
 m - 2 potions of berserk rage
 t - 16 potions of curing {@q1}
 u - a potion of magic
 w - 4 potions of mutation
 D - a potion of ambrosia
 J - a potion of cancellation
 L - 2 potions of might {@q4}
 N - 3 potions of haste {@q3}
 P - 3 potions of agility {@q5}
Comestibles
 g - 5 meat rations {@e2}
 h - 2 fruits {@e4}
 o - 5 chunks of flesh
 x - 8 royal jellies {@e3}
 E - 3 bread rations {@e1}


   Skills:
 + Level 16.0 Fighting
 * Level 21.7 Axes
 + Level 11.6 Armour
 - Level 9.8 Dodging


You had 14 spell levels left.
You didn't know any spells.

Dungeon Overview and Level Annotations

Branches:
Dungeon (15/15)            Temple (0/1) D:6            Lair (6/6) D:10
  Swamp (1/4) Lair:2       Spider (0/4) Lair:4        Slime (0/5) Lair:5
    Orc (0/2) D:12         Vaults (0/5) D:14
 Depths: D:15

Altars:
Cheibriados
Elyvilon
Fedhas
Hepliaklqana
Kikubaaqudgha
Makhleb
Ru
Trog
Uskayaw
Vehumet
Wu Jian
Xom
Zin
The Shining One

Shops:
D:9 !   D:12 *

Annotations:
D:12 exclusions: 2 orc priests and 1 more exclusion
D:15 exclusions: fire giant and 3 more exclusions
Lair:3 exclusion: 2 oklob plants
Swamp:1 Nikola


Innate Abilities, Weirdness & Mutations

You reflexively headbutt those who attack you in melee.
You have a pair of horns on your head.


Message History

The vampire mosquito closely misses you.
Nikola yells, "Danger!
Danger!
High voltage!"
Nikola gestures wildly while chanting.
You hear a mighty clap of thunder!
The lightning arc hits you!
The lightning arc hits the vampire mosquito.
The vampire mosquito is destroyed!
The lightning arc hits you!
* * * LOW HITPOINT WARNING * * *
The lightning arc hits the vampire mosquito.
The vampire mosquito is destroyed!
The lightning arc hits you!
* * * LOW HITPOINT WARNING * * *
You feel much better.
Nikola mumbles some strange words.
You hear a mighty clap of thunder!
The lightning arc hits you!
* * * LOW HITPOINT WARNING * * *
The lightning arc hits Nikola.
The lightning arc hits you!
You die...

♣♣ .. ♣ ♣≈≈. ♣§≈≈ ♣≈..
♣.≈≈ ♣§♣.♣ ≈ ..≈≈
♣.♣≈≈♣♣ .♣ ...§≈
♣.♣..>♣ ♣.♣♣ ....≈≈
♣♣.♣≈..♣♣ ≈...♣
.......♣
♣..♣♣♣).♣.≈.≈.♣
..♣..♣.♣♣♣.....♣@@≈≈.♣
≈.♣[...♣♣..(♣♣≈..$§≈♣♣
≈.♣♣..≈.....♣♣♣♣..≈♣♣
≈.♣♣p≈.≈≈..♣♣ ♣♣≈.♣
≈....≈..≈..♣ ≈.♣
≈≈≈≈≈≈≈.≈≈♣♣ ..♣
≈.≈≈..../.♣ ♣.♣
♣..≈.§♣.≈≈♣ ..
♣.≈♣♣≈≈≈≈≈♣ .≈


You could see Nikola.

Vanquished Creatures
  Kirke (Swamp:1)
  Agnes (D:14)
  Josephine (D:10)
  The ghost of FastMan the Severer, a journeyman MiBe of Trog (Lair:1)
  A vault guard (D:14)
  9 hydras
  An alligator (Swamp:1)
  2 catoblepae
  4 centaur warriors
  7 two-headed ogres
  2 tengu warriors (D:15)
  3 unseen horrors
  A wizard (D:14)
  A deep elf mage (D:12)
  Pikel (D:7)
  An orc knight (D:15)
  An orb spider (Lair:4)
  A wolf spider zombie (D:13)
  3 cyclopes
  2 ugly things
  2 manticores
  Joseph (D:7)
  2 ice statues (IceCv)
  3 black mambas
  Psyche (D:8)
  A gargoyle (D:14)
  A spiny frog (shapeshifter) (D:15)
  22 spiny frogs
  2 rime drakes (D:11)
  10 komodo dragons
  A freezing wraith (D:14)
  A kobold demonologist (D:12)
  A queen bee (Lair:1)
  A tengu conjurer (D:14)
  A meliai (shapeshifter) (D:15)
  3 ice devils (IceCv)
  A polar bear (Lair:2)
  6 trolls
  Grinder (D:5)
  5 tyrant leeches
  20 blink frogs
  A hornet (D:9)
  7 slime creatures
  8 hippogriffs
  A bog body (Swamp:1)
  A meliai zombie (D:13)
  6 wraiths
  24 yaks
  4 wyverns
  5 water elementals
  3 hungry ghosts
  2 vampires
  8 vampire mosquitoes
  2 chaos spawn (D:8)
  4 hogs (Swamp:1)
  8 basilisks
  12 insubstantial wisps (Swamp:1)
  2 acid dragons
  5 swamp worms (Lair:2)
  6 water moccasins
  A soldier ant (D:12)
  7 porcupines
  3 black bears
  3 ice beasts
  A hornet zombie (D:14)
  2 necrophages
  15 orc warriors
  2 slaves (D:7)
  An eye of draining (D:14)
  4 sky beasts
  3 ogres
  2 phantoms (D:11)
  8 centaurs
  4 wolves (Lair:5)
  9 crocodiles
  Blork the orc (D:6)
  A big kobold (D:8)
  29 bullfrogs
  A water moccasin zombie (D:5)
  A water moccasin skeleton (D:11)
  3 scorpions
  27 killer bees
  4 wights (D:9)
  6 electric eels
  3 howler monkeys
  5 centaur zombies
  9 crimson imps
  2 bullfrog zombies
  6 hounds
  16 jellies
  2 bullfrog skeletons
  6 orc priests
  2 centaur skeletons
  Crazy Yiuf (D:7)
  2 iguanas
  Ijyb (D:3)
  10 worker ants
  21 orc wizards
  A hound skeleton (D:9)
  A worker ant zombie (D:10)
  A howler monkey skeleton (D:5)
  A howler monkey zombie (D:8)
  7 gnolls
  5 adders
  A shadow imp (D:8)
  4 white imps (IceCv)
  8 ufetubi (IceCv)
  An ooze (D:4)
  6 worms
  2 dart slugs (D:5)
  6 leopard geckos
  64 orcs
  7 giant cockroaches
  7 hobgoblins
  5 jackals
  5 quokkas
  A ball python (D:2)
  4 bats
  7 frilled lizards
  7 goblins
  7 kobolds
  A leopard gecko skeleton (D:4)
  7 rats
  7 fungi
  3 plants (Lair:6)
639 creatures vanquished.

Vanquished Creatures (collateral kills)
  Frances (D:13)
  The ghost of exolun the Fighter, a journeyman GnWn of Okawaru (D:14)
  A hydra (D:14)
  Sonja (D:14)
  A fire crab (shapeshifter) (D:14)
5 creatures vanquished.

Vanquished Creatures (others)
  A reaper (IceCv)
  A slime creature (Swamp:1)
  2 vampire mosquitoes (Swamp:1)
  An ogre (D:7)
  A quasit (D:10)
  An iguana (D:12)
  A white imp (IceCv)
  2 ufetubi (IceCv)
  4 fungi
  18 plants
32 creatures vanquished.

Grand Total: 676 creatures vanquished

Notes
Turn   | Place    | Note
-------+----------+-------------------------------------------
     0 | D:1      | FastMan the Minotaur Berserker began the quest for the Orb.
     0 | D:1      | Reached XP level 1. HP: 19/19 MP: 0/0
   109 | D:1      | Reached XP level 2. HP: 16/27 MP: 1/1
   487 | D:1      | Reached skill level 4 in Axes
   777 | D:2      | Reached XP level 3. HP: 28/33 MP: 2/2
   783 | D:2      | Found a shimmering altar of Xom.
  1466 | D:2      | Reached ** piety under Trog
  1643 | D:3      | Noticed Ijyb
  1676 | D:3      | Killed Ijyb
  1676 | D:3      | Reached XP level 4. HP: 40/40 MP: 3/3
  2125 | D:3      | Reached skill level 5 in Axes
  2505 | D:4      | Reached XP level 5. HP: 44/47 MP: 4/4
  2806 | D:4      | Found a radiant altar of Vehumet.
  2808 | D:4      | Found an ornate altar of the Wu Jian Council.
  2809 | D:4      | Found a snail-covered altar of Cheibriados.
  3262 | D:4      | Reached skill level 5 in Fighting
  3270 | D:4      | Reached skill level 6 in Axes
  3400 | D:5      | Entered Level 5 of the Dungeon
  3410 | D:5      | Reached XP level 6. HP: 52/56 MP: 5/5
  3580 | D:5      | Noticed Grinder
  3580 | D:5      | Paralysed by Grinder for 2 turns
  3589 | D:5      | Killed Grinder
  3589 | D:5      | Reached skill level 7 in Axes
  3589 | D:5      | Reached skill level 5 in Armour
  3589 | D:5      | Reached XP level 7. HP: 62/62 MP: 6/6
  4253 | D:6      | Found a staircase to the Ecumenical Temple.
  4265 | D:6      | Reached *** piety under Trog
  4293 | D:6      | Reached skill level 8 in Axes
  4335 | D:6      | Noticed a hand axe
  4335 | D:6      | Noticed a hand axe
  4361 | D:6      | Found a hide-covered altar of Uskayaw.
  4395 | D:6      | Reached XP level 8. HP: 36/71 MP: 7/7
  5008 | D:6      | Noticed Blork the orc
  5013 | D:6      | Killed Blork the orc
  5013 | D:6      | Reached skill level 9 in Axes
  5269 | D:7      | Reached skill level 10 in Axes
  5535 | D:7      | Noticed Pikel
  5544 | D:7      | Killed Pikel
  5544 | D:7      | Reached skill level 11 in Axes
  5544 | D:7      | Reached XP level 9. HP: 81/81 MP: 8/8
  5712 | D:7      | Noticed Joseph
  5727 | D:7      | Killed Joseph
  6057 | D:7      | Found a bloodstained altar of Trog.
  6084 | D:7      | Found a runed door.
  6142 | D:7      | Found a glowing silver altar of Zin.
  6142 | D:7      | Found a white marble altar of Elyvilon.
  6142 | D:7      | Found a glowing golden altar of the Shining One.
  6192 | D:7      | Noticed Crazy Yiuf
  6196 | D:7      | Killed Crazy Yiuf
  6283 | D:8      | Found a sacrificial altar of Ru.
  6294 | D:8      | Reached skill level 12 in Axes
  6329 | D:8      | Noticed Psyche
  6342 | D:8      | Killed Psyche
  6629 | D:8      | Found a hazy altar of Hepliaklqana.
  6869 | D:8      | Found a hazy altar of Hepliaklqana.
  6986 | D:8      | Found a blossoming altar of Fedhas.
  7031 | D:8      | Reached skill level 13 in Axes
  7054 | D:8      | Found a shimmering altar of Xom.
  7324 | D:8      | Reached XP level 10. HP: 93/93 MP: 9/9
  7339 | D:8      | Reached skill level 10 in Fighting
  7596 | D:9      | Found an ancient bone altar of Kikubaaqudgha.
  7646 | D:9      | Reached **** piety under Trog
  7650 | D:9      | Found Yxaiw's Distillery.
  7662 | D:9      | Bought a potion of curing for 45 gold pieces
  7662 | D:9      | Bought a potion of curing for 45 gold pieces
  7662 | D:9      | Bought a potion of resistance for 150 gold pieces
  7662 | D:9      | Bought a potion of curing for 45 gold pieces
  7662 | D:9      | Bought 2 potions of heal wounds for 150 gold pieces
  7662 | D:9      | Bought a potion of haste for 150 gold pieces
  7662 | D:9      | Bought a potion of curing for 45 gold pieces
  7958 | D:9      | Reached skill level 14 in Axes
  8243 | D:9      | Found a burning altar of Makhleb.
  8439 | D:10     | Entered Level 10 of the Dungeon
  8449 | D:10     | Reached ***** piety under Trog
  8450 | D:10     | Reached skill level 15 in Axes
  8605 | D:10     | Noticed Josephine
  8621 | D:10     | Killed Josephine
  8621 | D:10     | Reached XP level 11. HP: 61/104 MP: 10/10
  8965 | D:10     | Found a staircase to the Lair.
  8989 | D:10     | Received a gift from Trog
  9391 | D:10     | Reached skill level 16 in Axes
  9604 | Lair:1   | Entered Level 1 of the Lair of Beasts
  9903 | Lair:1   | Noticed FastMan's ghost (journeyman MiBe)
  9914 | Lair:1   | Killed FastMan's ghost
 10132 | Lair:1   | Reached skill level 17 in Axes
 10506 | Lair:1   | Reached XP level 12. HP: 105/115 MP: 11/11
 11238 | Lair:2   | Found a staircase to the Swamp.
 11890 | Lair:2   | Noticed a four-headed hydra
 11902 | Lair:2   | Killed a nine-headed hydra
 11902 | Lair:2   | Reached skill level 18 in Axes
 12139 | Lair:2   | Noticed a five-headed hydra
 12147 | Lair:2   | Killed a ten-headed hydra
 12456 | Lair:3   | Found a labyrinth entrance.
 12463 | Lair:3   | Received a gift from Trog
 13374 | Lair:4   | Noticed a six-headed hydra
 13384 | Lair:4   | Killed an 11-headed hydra
 13921 | Lair:4   | Found a hole to the Spider Nest.
 15332 | Lair:5   | Noticed an eight-headed hydra
 15339 | Lair:5   | Killed a 13-headed hydra
 15601 | Lair:5   | Reached skill level 19 in Axes
 15611 | Lair:5   | Found a staircase to the Slime Pits.
 15942 | Lair:5   | Reached skill level 5 in Dodging
 16391 | Lair:6   | Entered Level 6 of the Lair of Beasts
 16434 | Lair:6   | Reached XP level 13. HP: 124/124 MP: 12/12
 17048 | D:11     | Found a blossoming altar of Fedhas.
 17299 | D:11     | Found a frozen archway.
 17344 | IceCv    | Entered an ice cave
 17544 | IceCv    | Killed a reaper
 17609 | IceCv    | Received a gift from Trog
 17978 | IceCv    | Got a pair of faintly humming boots
 18018 | IceCv    | Identified the +5 pair of boots "Susugich" {rPois Int+3} (You found it in an ice cave)
 18032 | IceCv    | Identified a +2 pair of boots of running (You found it in an ice cave)
 18710 | D:12     | Found Xaitt's Assorted Antiques.
 18839 | D:12     | Found a staircase to the Orcish Mines.
 18954 | D:12     | Reached skill level 20 in Axes
 19157 | D:12     | Bought a scroll of fog for 56 gold pieces
 19157 | D:12     | Bought a scroll of enchant armour for 210 gold pieces
 19157 | D:12     | Bought a potion of agility for 112 gold pieces
 19157 | D:12     | Bought a scroll labeled JUIXKES EDGHU for 28 gold pieces
 19157 | D:12     | Bought a scroll of identify for 56 gold pieces
 19275 | D:12     | You fall through a shaft for 2 floors!
 19283 | D:14     | Noticed Agnes
 19292 | D:14     | Killed Agnes
 19461 | D:14     | Reached skill level 15 in Fighting
 19528 | D:14     | Noticed Sonja
 19542 | D:14     | Killed Sonja
 19627 | D:14     | Reached XP level 14. HP: 134/135 MP: 13/13
 19637 | D:13     | Noticed Frances
 20145 | D:14     | Found a gate to the Vaults.
 20525 | D:13     | Killed Frances
 20624 | D:14     | Reached skill level 10 in Armour
 21797 | D:14     | Noticed exolun's ghost (journeyman GnWn)
 21844 | D:14     | Killed exolun's ghost
 21912 | D:15     | Entered Level 15 of the Dungeon
 22009 | D:15     | Reached skill level 21 in Axes
 22392 | D:15     | Noticed a fire giant
 23342 | Lair:6   | Received a gift from Trog
 23365 | Lair:6   | Reached XP level 15. HP: 124/143 MP: 14/14
 23802 | Swamp:1  | Entered Level 1 of the Swamp
 24122 | Swamp:1  | Noticed Kirke
 24132 | Swamp:1  | Killed Kirke
 24175 | Swamp:1  | Noticed Nikola
 24182 | Swamp:1  | HP: 7/144 [Nikola/chain lightning (25)]
 24183 | Swamp:1  | Killed from afar by Nikola

Vault maps used:
D:1:      dpeg_arrival_tiny_d
D:2:      brannock_xom_greatest_gift, first_bread, minmay_split_cup_small
D:3:      uniq_ijyb
D:4:      grunt_temple_overflow_open, hangedman_abyss_or_decor_passed
D:5:      uniq_grinder
D:6:      dancing_weapons_uskayaw, minmay_temple_entry_statues_pillars,
          uniq_blork_the_orc
D:7:      good_gods_mini_temple, bloody_trog, hex_large, minmay_misc_feat_cross,
          grunt_tough_drop, uniq_joseph, uniq_pikel, uniq_crazy_yiuf_cottage
D:8:      nicolae_ru_awakened_eye, marbit_many_paths,
          nicolae_overflow_crystal_walls, basic_altar, the_bakery,
          minmay_guarded_unrand_variability, uniq_psyche
D:9:      kiku_gazebo_garden_becter, serial_shops, shop, grunt_ministairs_14,
          makhleb_blood_cavern_becter
D:10:     david_lair_shrubbed, uniq_josephine
D:11:     portal_ice_cave_rime, fedhas_altar_1
D:12:     erik_orc_2, serial_shops, nicolae_shop_trees
D:13:     uniq_frances
D:14:     david_vaults_4, minmay_misc_feat_rows, uniq_sonja, uniq_agnes
D:15:     grunt_enter_depths_giant_problem, kennysheep_doodads,
          nicolae_underground_beach
Lair:1:   cheibrodos_lair_reptile_den
Lair:2:   nicolae_swamp_entry_splash_gauntlet
Lair:3:   minmay_lair_oklob_tunnel, lab_entry_generic
Lair:4:   nicolae_spider_entry_orb_guardian
Lair:5:   minmay_slime_entry_jelly_boxes, small_statue_intersection
Lair:6:   minmay_lair_end_frog_pond, grunt_forest_large_clearing_hut
Swamp:1:  nicolae_swamp_treefoil, swamp_pool3, uniq_kirke, uniq_nikola
IceCv:    ice_cave_small_demon

Skill      XL: |  1  2  3  4  5  6  7  8  9 10 11 12 13 14 15 |
---------------+----------------------------------------------+-----
Axes           | 4 5 6 7 8 11 13 15 17 19 20 21 | 21.7
Armour         | 3 4 5 6 7 9 11 | 11.6
Fighting       | 4 5 6 8 9 11 13 14 15 16 | 16.0
Dodging        | 5 7 9 |  9.8

Action                   |  1- 3 |  4- 6 |  7- 9 | 10-12 | 13-15 || total
-------------------------+-------+-------+-------+-------+-------++-------
Melee: Hand axe          |    79 |       |       |       |       ||    79
       Headbutt          |     9 |    14 |    43 |   107 |   182 ||   355
       War axe           |     5 |   118 |   237 |   119 |       ||   479
       Battleaxe         |       |       |       |   406 |   715 ||  1121
       Executioner's axe |       |       |       |       |    60 ||    60
Invok: Berserk           |     3 |     3 |     9 |    20 |    18 ||    53
       Trog's Hand       |     1 |     2 |     1 |     2 |     9 ||    15
       Burn Spellbooks   |       |       |     1 |     3 |     3 ||     7
       Brothers in Arms  |       |       |       |       |     6 ||     6
  Use: Scroll            |       |     7 |     2 |    18 |    11 ||    38
       Potion            |       |       |       |     5 |     7 ||    12
 Stab: Distracted        |       |       |       |       |     1 ||     1
       Petrifying        |       |       |       |       |     1 ||     1
  Eat: Chunk             |     4 |     9 |    12 |    24 |    34 ||    83
       Meat ration       |       |       |     2 |     4 |       ||     6
       Bread ration      |       |       |       |     2 |     2 ||     4
       Fruit             |       |       |       |     1 |       ||     1
       Royal jelly       |       |       |       |     1 |     3 ||     4
Armor: Chain mail        |    34 |    23 |       |       |   338 ||   395
       Scale mail        |     2 |       |       |       |       ||     2
       Plate armour      |       |    55 |   157 |   360 |   174 ||   746
       Skin              |       |       |       |    23 |       ||    23
Dodge: Dodged            |    41 |    52 |    89 |   272 |   416 ||   870
